 Dungeon Crawl Stone Soup version 0.30-a0-1160-g6e42c06551 (webtiles) character file.

Game seed: 8847950670153606343

138 Twinkles the Ruffian (level 5, -2/49 HPs)
             Began as an Armataur Monk on Apr 26, 2023.
             Succumbed to a scorpion's poison
             ... on level 4 of the Dungeon.
             The game lasted 00:06:11 (2111 turns).

Twinkles the Ruffian (Armataur Monk)                Turns: 2111, Time: 00:06:12

Health: -2/49      AC:  5    Str: 14 (18) XL:     5   Next: 1%
Magic:  14/14      EV:  9    Int: 14 (16) God:
Gold:   93         SH:  0    Dex: 11 (13) Spells: 4/4 levels left

rFire   . .          .
                       - Unarmed
rCold   . . .        c - orb {light}
rNeg    . . .        p - +0 ring mail
rPois   .            (no helmet)
rElec   .            (no cloak)
rCorr   .            (no gloves)
SInv    .            (no barding)
Will    .....        q - amulet of regeneration Stlth
                     s - +6 ring of intelligence
HPRegen 1.08/turn    x - ring of magical power
MPRegen 0.14/turn

%: roll
@: lethally poisoned (-2 -> -19), glowing
A: large, rugged brown scales 3, deformed body, armoured tail, roll, long
tongue, awkward tongue
a: no special abilities


You were on level 4 of the Dungeon.
You visited 1 branch of the dungeon, and saw 4 of its levels.

You collected 93 gold pieces.

Inventory:

Armour
 a - a +0 robe
 c - an orb of light (worn)
 p - a +0 ring mail (worn)
Jewellery
 q - an amulet of regeneration (around neck)
 s - a +6 ring of intelligence (left hand)
 x - a ring of magical power (right hand)
Wands
 d - a wand of digging (1)
 t - a wand of roots (4)
Scrolls
 b - 3 scrolls of vulnerability {unknown}
 i - a scroll of noise {unknown}
 j - a scroll of enchant armour {unknown}
 k - 2 scrolls of magic mapping {unknown}
 n - 2 scrolls of immolation {unknown}
 v - a scroll of teleportation {unknown}
Potions
 e - a potion of magic {unknown}
 f - 3 potions of degeneration
 g - 3 potions of curing {unknown}
 h - a potion of might {unknown}
 l - a potion of invisibility {unknown}
 m - a potion of resistance {unknown}
 o - a potion of brilliance {unknown}
 r - a potion of flight {unknown}
 u - 2 potions of attraction {unknown}
 w - 2 potions of heal wounds {unknown}
 G - 2 potions of ambrosia


   Skills:
 + Level 3.6 Fighting
 + Level 3.0 Dodging
 + Level 3.7 Unarmed Combat


You had 4 spell levels left.
You didn't know any spells.
Your spell library was empty.

Dungeon Overview and Level Annotations

Branches:
Dungeon (4/15) Zot: 21899
 Temple: D:4-7

Altars:
Makhleb

Shops:
D:1 :

Annotations:
D:4 Pikel


Innate Abilities, Weirdness & Mutations

You are completely covered in rugged brown scales. (AC +3, +7% HP)
Armour fits poorly on your strangely shaped body.
You have a long armoured tail.
You roll when moving toward enemies. (Rampage)
Your long tongue fully drains potion bottles. (2x potion effects)
Your tongue gives you trouble enunciating. (1.5x scroll delay)


Message History

The scorpion stings you!
You are poisoned.
The scorpion poisons you!
You hit the scorpion but do no damage.
The scorpion is lightly wounded.
You feel very sick. The scorpion stings you!
You hit the scorpion but do no damage.
The scorpion is lightly wounded.
You feel sick.
The scorpion stings you but does no damage.
You hit the scorpion.
The scorpion is lightly wounded.
You feel sick. The scorpion stings you.
You are more poisoned.
The scorpion poisons you!
You hit the scorpion but do no damage.
Your tail-slap misses the scorpion.
The scorpion is lightly wounded.
You feel very sick. The scorpion stings you.
You are more poisoned.
The scorpion poisons you!
You punch the scorpion!
The scorpion is heavily wounded.
You feel very sick. The scorpion stings you.
* * * LOW HITPOINT WARNING * * *
You are more poisoned.
The scorpion poisons you! The scorpion barely misses you.
You barely miss the scorpion.
The scorpion is heavily wounded.
* * * LOW HITPOINT WARNING * * *
You feel extremely sick. The scorpion barely misses you.
It was a potion of degeneration.
There was something very wrong with that liquid.
You feel weakened.
You feel dopey.
You feel clumsy.
You slurp down every last drop of the potion of degeneration!
f - 3 potions of degeneration;
j - a scroll labelled ELESAO FUNKO You die...

#................#
#.##############.# #.# #.#
#.# ##.####### #### #.#
#......... .....#.###
###...###### #.....#
#..<....#
#.###.#########..........#
#. #.......s@........##..
# #.##########....##....
#.....# #....# .## ###...#
#....# # ###.# #....# #.#
##...# ... ... #.##.#


You could see a scorpion.

Vanquished Creatures
  A lemure (D:3)
  Ijyb (D:3)
  5 adders
  2 dart slugs
  5 ball pythons
  6 bats
  3 endoplasms
  2 giant cockroaches (D:1)
  8 goblins
  9 hobgoblins
  2 jackals (D:2)
  7 kobolds
  A quokka (D:1)
  7 frilled lizards
  4 rats
63 creatures vanquished.

Notes
Turn   | Place    | Note
-------+----------+-------------------------------------------
     0 | D:1      | Twinkles the Armataur Monk began the quest for the Orb.
     0 | D:1      | Reached XP level 1. HP: 19/19 MP: 1/1
    69 | D:1      | Reached XP level 2. HP: 24/26 MP: 2/2
   189 | D:1      | Found Doiwn's Book Shoppe.
   397 | D:1      | Reached XP level 3. HP: 33/33 MP: 3/3
   820 | D:2      | Found a faded altar of an unknown god.
  1337 | D:2      | Reached XP level 4. HP: 34/40 MP: 4/4
  1530 | D:3      | Found a burning altar of Makhleb.
  1671 | D:3      | Noticed Ijyb
  1691 | D:3      | Killed Ijyb
  1934 | D:4      | Reached XP level 5. HP: 49/49 MP: 5/5
  2002 | D:4      | Noticed Pikel
  2006 | D:4      | Noticed a lemure
  2006 | D:4      | Noticed a lemure
  2007 | D:4      | Noticed a lemure
  2041 | D:3      | Killed a lemure
  2109 | D:4      | HP: 10/49 [scorpion (5)]
  2110 | D:4      | HP: 3/49 [poisoned by a scorpion]
  2111 | D:4      | Succumbed to a scorpion's poison

Illustrated notes

Levels and vault maps discovered:
D:1:      dpeg_arrival_renting, layout_basic, serial_shops,
          nicolae_book_shop_shelving, supply_closet_lemuel
D:2:      layout_loops_ring, basic_ecumenical_altar,
          hangedman_abyss_or_decor_lesser_grid, dreamdust_princess_corridor,
          hangedman_abyss_or_decor_stabs
D:3:      layout_rooms, lightli_temple_of_fire, st_stairs_12, uniq_ijyb
D:4:      layout_loops_ring, uniq_pikel

Skill      XL: |  1  2  3  4 |
---------------+-------------+-----
Unarmed Combat | 3 |  3.7
Fighting       | 3 |  3.6
Dodging        | 3 |  3.0

Action                     |  1- 3 |  4- 6 || total
---------------------------+-------+-------++-------
  Melee: Unarmed           |    95 |    83 ||   178
         Tailslap          |    15 |     7 ||    22
    Use: Potion            |       |     1 ||     1
 Armour: Robe              |    36 |       ||    36
         Ring mail         |       |    17 ||    17
  Dodge: Dodged            |    44 |    25 ||    69

Table legend: (Time is in decaauts)
 A = Elapsed time spent in this place.
 B = Non-inter-level travel time spent in this place.
 C = Inter-level travel time spent in this place.
 D = Time resting spent in this place.
 E = Time spent auto-exploring this place.
 F = Levels seen in this place.
 G = Mean time per level.
                   A        B        C        D        E       F      G
               +--------+--------+--------+--------+--------+-----+--------+
         Total |   2101 |   1961 |    140 |     38 |   1423 |   4 |  525.2 |
       Dungeon |   2101 |   1961 |    140 |     38 |   1423 |   4 |  525.2 |
               +--------+--------+--------+--------+--------+-----+--------+

Top non-repeatable levels by time:
     D:2: 753 daAuts
     D:1: 621 daAuts
     D:3: 481 daAuts
     D:4: 245 daAuts
